 Dungeon Crawl Stone Soup version 0.27.1-3-gb3d3a73c9e (webtiles) character file.

Game seed: 1782149796962096618

24519 Riddle the Fighter (level 13, -33/67 (74) HPs)
             Began as a Vine Stalker Fighter on Oct 9, 2021.
             Was a High Priest of Makhleb.
             Killed from afar by a balrug (37 damage)
             ... with a bolt of fire
             ... summoned by the player character
             ... on level 2 of the Orcish Mines.
             The game lasted 00:37:28 (13015 turns).

Riddle the Fighter (Vine Stalker Fighter)          Turns: 13015, Time: 00:37:30

HP:   -33/67 (74)   AC: 24    Str: 24    XL:     13   Next: 13%
MP:   0/14          EV:  7    Int: 11    God:    Makhleb [*****.]
Gold: 1038          SH: 12    Dex: 12    Spells: 12/12 levels left

rFire    . . .     SeeInvis .   V - +0 hand axe (elec)
rCold    . . .     Faith    .   c - +0 kite shield
rNeg     + . .     Spirit   +   T - +6 chain mail of the Mantidfly {+Inv Int+3}
rPois    .         Reflect  .   P - +0 helmet
rElec    .         Harm     .   Q - +2 cloak {Stlth+}
rCorr    .         Rampage  .   (no gloves)
Will     +....                  n - +2 pair of boots
Stlth    ..........             O - amulet of magic regeneration
HPRegen  1.21/turn              D - ring of flight
MPRegen  0.39/turn              G - ring of positive energy

@: unable to read, flying, drained
A: fangs 3, regeneration 1, magic shield, antimagic bite, no potion heal 2,
clumsy 1, inability to read while threatened
a: Renounce Religion, Evoke Invisibility, Minor Destruction, Lesser Servant of
Makhleb, Major Destruction, Greater Servant of Makhleb


You were on level 2 of the Orcish Mines.
You worshipped Makhleb.
Makhleb was extremely pleased with you.
You visited 3 branches of the dungeon, and saw 14 of its levels.

You collected 1170 gold pieces.
You spent 132 gold pieces at shops.

Inventory:

Hand Weapons
 a - a +0 war axe
 b - the +4 flail of Ohes {speed, rN+ SInv}
   (You found it on level 9 of the Dungeon)

   Attacks with this weapon are significantly faster.
   rN:        It protects you from negative energy.
   SInv:      It lets you see invisible.
 V - a +0 hand axe of electrocution (weapon)
Armour
 c - a +0 kite shield (worn)
 n - a +2 pair of boots (worn)
 J - a +0 troll leather armour
 P - a +0 helmet (worn)
 Q - a +2 cloak of stealth (worn)
 T - the +6 chain mail of the Mantidfly (worn) {+Inv Int+3}
   (You found it on level 7 of the Dungeon)

   Int:       It affects your intelligence (+3).
   +Inv:      It lets you turn invisible.
Jewellery
 k - a ring of ice
 D - a ring of flight (left hand)
 G - a ring of positive energy (right hand)
 K - a ring of ice
 O - an amulet of magic regeneration (around neck)
Wands
 f - a wand of polymorph (15)
 t - a wand of paralysis (8)
 y - a wand of acid (20)
 M - a wand of flame (44)
Scrolls
 g - 4 scrolls of noise
 h - 4 scrolls of magic mapping
 o - 3 scrolls of amnesia
 p - 3 scrolls of holy word
 u - 5 scrolls of fog
 w - 2 scrolls of fear
 x - 2 scrolls of vulnerability
 C - a scroll of immolation
 E - 2 scrolls of enchant weapon
 F - 2 scrolls of enchant armour
 H - a scroll of summoning
 I - a scroll of blinking {unknown}
 N - a scroll of brand weapon {unknown}
 R - a scroll of torment {unknown}
 S - 6 scrolls of teleportation
Potions
 d - 2 potions of might
 e - 3 potions of flight {unknown}
 i - a potion of ambrosia {unknown}
 j - 3 potions of degeneration {unknown}
 l - a potion of resistance {unknown}
 m - 5 potions of berserk rage {unknown}
 q - a potion of haste
 r - 2 potions of invisibility {unknown}
 s - 2 potions of lignification {unknown}
 v - 2 potions of cancellation {unknown}
 z - 2 potions of curing {unknown}
 A - 3 potions of heal wounds {unknown}
 B - a potion of attraction {unknown}
 L - 3 potions of mutation {unknown}


   Skills:
 * Level 11.1 Fighting
 * Level 10.9 Axes
 + Level 7.5 Armour
 * Level 11.1 Shields


You had 12 spell levels left.
You didn't know any spells.
Your spell library contained the following spells:

 Spells                   Type           Power      Damage    Failure   Level
 Apportation              Tloc           0%         N/A       98%         1
 Foxfire                  Conj/Fire      0%         2x1d4     98%         1
 Magic Dart               Conj           0%         1d3       98%         1
 Blink                    Tloc           N/A        N/A       99%         2
 Call Imp                 Summ           0%         N/A       99%         2
 Corpse Rot               Necr/Air       N/A        N/A       99%         2
 Poisonous Vapours        Pois/Air       0%         N/A       99%         2
 Confusing Touch          Hex            0%         N/A       100%        3
 Conjure Flame            Conj/Fire      0%         6-21      100%        3
 Inner Flame              Hex/Fire       0%         N/A       100%        3
 Lesser Beckoning         Tloc           0%         N/A       100%        3
 Mephitic Cloud           Conj/Pois/Air  0%         N/A       100%        3
 Summon Guardian Golem    Hex/Summ       0%         N/A       100%        3
 Fulminant Prism          Conj/Hex       0%         3d6       100%        4
 Iskenderun's Mystic Bla  Conj/Tloc      0%         2d3       100%        4
 Alistair's Intoxication  Tmut/Pois      0%         N/A       100%        5
 Freezing Cloud           Conj/Ice/Air   0%         6-21      100%        5
 Lee's Rapid Deconstruct  Erth           0%         3d5*      100%        5
 Manifold Assault         Tloc           0%         N/A       100%        5
 Summon Forest            Summ/Tloc      0%         N/A       100%        5
 Summon Mana Viper        Hex/Summ       0%         N/A       100%        5
 Invisibility             Hex            0%         N/A       100%        6
 Shadow Creatures         Summ           N/A        N/A       100%        6
 Starburst                Conj/Fire      0%         6d3       100%        6


Dungeon Overview and Level Annotations

Branches:
Dungeon (11/15)            Temple (1/1) D:4            Lair (0/6) D:8
    Orc (2/2) D:11            Elf (0/3) Orc:2

Altars:
Ashenzari
Cheibriados
Dithmenos
Elyvilon
Fedhas
Gozag
Hepliaklqana
Kikubaaqudgha
Makhleb
Nemelex Xobeh
Okawaru
Qazlal
Ru
Sif Muna
Trog
Uskayaw
Vehumet
Wu Jian
Xom
Yredelemnul
Zin
The Shining One

Shops:
D:3 =   D:11 (*(   Orc:2 *?

Annotations:
D:11 1 runed translucent door


Innate Abilities, Weirdness & Mutations

You have razor-sharp teeth.
Your natural rate of healing is unusually fast.
When hurt, damage is shared between your health and your magic reserves.
Your bite disrupts and absorbs the magic of your enemies.
Potions cannot restore your health.
You are clumsy. (Dex -2)
You sometimes lose the ability to read scrolls when taking damage.


Message History

Lightning courses through the orc sorcerer!!
You kill the orc sorcerer!
Makhleb accepts your kill.
The soul eater disappears in a puff of smoke!
You feel sick.
You hear a shout!
The orange demon stings you but does no damage.
You hear a shout!
Your life force feels restored.
Unknown command.
You feel sick.
You hear a shout! x6
Okay, then.
You feel drained.
You fail to use your ability.
You feel sick.
You hear a shout!
The orc sorcerer gestures at you while chanting.
The bolt of negative energy hits you! You partially resist.
You feel drained.
* * * LOW HITPOINT WARNING * * *
Okay, then.
You cannot read scrolls in your current state!
Unknown command.
Okay, then.
You cannot read scrolls in your current state!
Unknown command.
A demon appears!
It doesn't seem very happy.
You feel sick.
The orange demon stings you but does no damage.
Unknown command.
Okay, then.
You cannot read scrolls in your current state!
Unknown command.
A demon appears!
You feel sick.
You are no longer poisoned.
The orange demon stings you from afar.
* * * LOW HITPOINT WARNING * * *
The balrug gestures at you. The bolt of fire hits you!!!
Ouch! That really hurt!
You die...

######............###.........
##..#.............#####........
#.........###...#)#.###.....#.#
#.........###..###)).##........
##.##.##.###))#####..#....#....
##########..###.###.o..####...
##..###4..###....# ##[#
##.)###o#)#.###..####<##
##).###.@o#...###..##...#
##.[###3..###...#######.##
##.[###..2## #...# #....
##..[))...## #...# #....
##..[[#...## #o..# #....
##...#....## #o#. ##...
##∩.#.....## ... ##..
#.....#[.## .. ##. ##∩.#..[..##
##..


You could see a balrug (summoned, ally target), an orange demon, an orc
sorcerer, an orc warrior and a friendly neqoxec (summoned).

Vanquished Creatures
  Josephine (Orc:1)
  3 two-headed ogres
  A death knight (D:8)
  A centaur warrior (D:9)
  5 orc knights
  5 orc sorcerers
  2 cyclopes
  A komodo dragon (D:7)
  3 trolls
  2 hornets (D:8)
  A meliai zombie (D:11)
  5 wraiths
  2 humans (D:10)
  A steam dragon (D:8)
  15 yaks
  A wyvern (D:10)
  A chaos spawn (Orc:2)
  A neqoxec (Orc:2)
  4 vampire mosquitoes (D:11)
  A warg (Orc:1)
  An acid dragon (D:6)
  3 black bears
  An ice beast (D:5)
  3 sky beasts
  7 ogres
  32 orc warriors
  9 centaurs
  A wolf (D:8)
  2 phantoms
  A kobold brigand (D:9)
  7 bullfrogs
  A gnoll sergeant (D:11)
  2 scorpions
  5 killer bees (D:9)
  31 wights
  4 howler monkeys
  5 electric eels
  3 centaur zombies
  23 orc priests
  A bullfrog zombie (D:3)
  2 jellies
  Crazy Yiuf (D:7)
  A bullfrog skeleton (D:6)
  A gnoll shaman (D:7)
  5 hounds
  A centaur skeleton (D:6)
  5 iguanas
  Terence (D:2)
  20 orc wizards
  A howler monkey zombie (D:9)
  6 adders
  12 gnolls
  A howler monkey skeleton (D:6)
  3 shadow imps
  A white imp (D:8)
  An adder skeleton (D:4)
  2 worms (D:3)
  A dart slug (D:2)
  66 orcs
  8 endoplasms
  3 giant cockroaches
  5 goblins
  6 hobgoblins
  6 jackals
  10 kobolds
  5 quokkas
  12 ball pythons
  2 bats
  8 rats
394 creatures vanquished.

Vanquished Creatures (others)
  2 orcs
  4 plants (D:7)
6 creatures vanquished.

Grand Total: 400 creatures vanquished

Notes
Turn   | Place    | Note
-------+----------+-------------------------------------------
     0 | D:1      | Riddle the Vine Stalker Fighter began the quest for the
                  | Orb.
     0 | D:1      | Reached XP level 1. HP: 11/11 MP: 2/2
   106 | D:1      | Got the Tome of Destructive Malediction
   226 | D:1      | Reached XP level 2. HP: 5/16 MP: 1/3
   721 | D:1      | Reached XP level 3. HP: 18/20 MP: 4/4
  1543 | D:2      | Gained mutation: Your natural rate of healing is unusually
                  | fast. [Vine Stalker growth]
  1543 | D:2      | Reached XP level 4. HP: 9/24 MP: 3/5
  1734 | D:2      | Noticed Terence
  1748 | D:2      | Killed Terence
  2390 | D:3      | Reached XP level 5. HP: 24/28 MP: 4/6
  2439 | D:3      | You fall into a shaft and drop 1 floor!
  2770 | D:3      | Found Qeubboxt's Jewellery Emporium.
  3223 | D:4      | Noticed an ogre
  3315 | D:4      | Noticed a sky beast
  3334 | D:3      | Killed a sky beast
  3335 | D:3      | Reached XP level 6. HP: 33/33 MP: 4/7
  3814 | D:4      | Reached XP level 7. HP: 34/38 MP: 8/8
  4049 | D:4      | Found a staircase to the Ecumenical Temple.
  4263 | Temple   | Entered the Ecumenical Temple
  4299 | Temple   | Became a worshipper of Makhleb the Destroyer
  4773 | D:5      | Entered Level 5 of the Dungeon
  4909 | D:5      | Found an ornate altar of the Wu Jian Council.
  4936 | D:5      | Found a broken altar of Ashenzari.
  5064 | D:5      | Reached skill level 5 in Fighting
  5064 | D:5      | Reached skill level 5 in Shields
  5074 | D:5      | Gained mutation: You have razor-sharp teeth. [Vine Stalker
                  | growth]
  5074 | D:5      | Reached XP level 8. HP: 33/43 MP: 5/9
  5726 | D:4      | Reached skill level 5 in Axes
  6071 | D:6      | Reached * piety under Makhleb
  6075 | D:6      | Reached XP level 9. HP: 44/48 MP: 8/10
  6905 | D:7      | Found a shadowy altar of Dithmenos.
  7103 | D:7      | Noticed a komodo dragon
  7134 | D:7      | Killed a komodo dragon
  7189 | D:7      | Reached ** piety under Makhleb
  7513 | D:7      | Found a runed translucent door.
  7514 | D:7      | Noticed Crazy Yiuf
  7598 | D:7      | Reached XP level 10. HP: 54/55 MP: 9/11
  7613 | D:7      | Identified the +6 chain mail of the Mantidfly {+Inv Int+3}
  7694 | D:7      | Killed Crazy Yiuf
  7695 | D:7      | Reached skill level 5 in Armour
  8232 | D:8      | Found a staircase to the Lair.
  8440 | D:8      | Paralysed by a hornet for 1 turns
  8691 | D:8      | Reached *** piety under Makhleb
  9053 | D:9      | Noticed a five-headed hydra
  9085 | D:9      | Noticed a centaur warrior
  9100 | D:9      | Killed a centaur warrior
  9101 | D:9      | Reached XP level 11. HP: 40/60 MP: 12/12
  9155 | D:9      | Noticed a cyclops
  9173 | D:8      | Killed a cyclops
  9180 | D:9      | Noticed a death knight
  9495 | D:9      | Noticed a boulder beetle
  9668 | D:9      | Noticed a two-headed ogre
  9679 | D:9      | Killed a two-headed ogre
  9733 | D:9      | Reached **** piety under Makhleb
  9853 | D:8      | Killed a death knight
  9922 | D:9      | Identified the +4 ring mail of Wasted Space {rF+ rC+}
  9924 | D:9      | Identified the +4 flail of Ohes {speed, rN+ SInv}
  9990 | D:9      | Identified the +3 falchion of Due Proportion {vorpal, rF+
                  | rN+ rCorr Str+4 Dex+2}
 10098 | D:10     | Entered Level 10 of the Dungeon
 10124 | D:10     | Found an iron altar of Okawaru.
 10191 | D:10     | Found a basalt altar of Yredelemnul.
 10244 | D:10     | Noticed a two-headed ogre
 10253 | D:10     | Killed a two-headed ogre
 10692 | D:11     | Found Qoamo's Weapon Shop.
 10781 | D:11     | Reached XP level 12. HP: 67/67 MP: 13/13
 10835 | D:11     | Found Oruegyr's Antique Weapon Shoppe.
 10905 | D:11     | Reached skill level 10 in Fighting
 11017 | D:11     | Reached skill level 10 in Shields
 11072 | D:11     | Found Vusepsulia's Assorted Antiques.
 11095 | D:11     | Found a runed translucent door.
 11278 | D:11     | Found a staircase to the Orcish Mines.
 11299 | Orc:1    | Entered Level 1 of the Orcish Mines
 11663 | Orc:2    | Entered Level 2 of the Orcish Mines
 11689 | Orc:1    | Reached ***** piety under Makhleb
 11759 | Orc:2    | Reached skill level 10 in Axes
 11943 | Orc:1    | Noticed Josephine
 12008 | Orc:1    | Killed Josephine
 12008 | Orc:1    | Noticed a two-headed ogre
 12026 | Orc:1    | Killed a two-headed ogre
 12055 | Orc:1    | Gained mutation: You are clumsy. (Dex -2) [a neqoxec]
 12142 | Orc:1    | Noticed an orc warlord
 12188 | Orc:2    | Found a staircase to the Elven Halls.
 12364 | Orc:2    | Found Hij Mekh's General Store.
 12367 | Orc:2    | Found Ovelos's Magic Scroll Boutique.
 12411 | Orc:2    | Gained mutation: You sometimes lose the ability to read
                  | scrolls when taking damage. [a neqoxec]
 12473 | Orc:2    | Bought a scroll of enchant weapon for 90 gold pieces
 12475 | Orc:2    | Bought a scroll of teleportation for 42 gold pieces
 12590 | Orc:2    | Reached XP level 13. HP: 31/73 MP: 12/14
 13014 | Orc:2    | Noticed a balrug
 13015 | Orc:2    | Killed from afar by a balrug

Illustrated notes

Levels and vault maps discovered:
D:1:      minmay_arrival_diagonal_passages, layout_loops_corners
D:2:      layout_basic, st_stairs_12, supply_closet_lemuel, uniq_terence
D:3:      minmay_chambers_of_threes, layout_loops_corners, serial_shops, shop
D:4:      layout_layer_cave, temple_green
D:5:      layout_basic, mainiacjoe_overflow_catch_the_wave
D:6:      layout_gridville, grunt_potential
D:7:      layout_gridville, mainiacjoe_overflow_cross_hatched, minivault_25,
          minmay_misc_feat_square, skrybe_limestone_x, uniq_crazy_yiuf_cottage
D:8:      layout_cave_pools, erik_lair_island
D:9:      minmay_the_grid_square_5x5_3x3 [minmay_the_grid_square_5x5_six_small,
          minmay_the_grid_square_5x5_hourglass,
          minmay_the_grid_square_5x5_inverted_slash,
          minmay_the_grid_square_5x5_checkered_sparse,
          minmay_the_grid_square_5x5_megaprize_checkered,
          minmay_the_grid_square_5x5_c, minmay_the_grid_square_5x5_z,
          minmay_the_grid_square_5x5_bracketed,
          minmay_the_grid_square_5x5_tetrominoes], layout_loops_corners
D:10:     layout_basic, mainiacjoe_overflow_brackets, okawaru_humans,
          st_stairs_6
D:11:     layout_loops_ring, erik_orc_2, serial_shops, nicolae_shop_waterfront,
          nicolae_shop_overgrown_old_shop, kennysheep_mini,
          minmay_misc_feat_roman, lightli_airlock
Temple:   minmay_crystal_spiral_temple
Orc:1:    layout_diamond_mine, serial_shops, nicolae_shop_stone, basic_altar,
          uniq_sonja, uniq_josephine
Orc:2:    pf_orc_diabolical, layout_caves

Skill      XL: |  1  2  3  4  5  6  7  8  9 10 11 12 13 |
---------------+----------------------------------------+-----
Axes           | 2 3 4 5 6 8 9 10 | 10.9
Fighting       | 3 4 5 6 7 8 9 10 11 | 11.1
Shields        | 3 4 5 6 7 8 9 10 11 | 11.1
Armour         | 3 4 5 6 7 |  7.5

Action                   |  1- 3 |  4- 6 |  7- 9 | 10-12 | 13-15 || total
-------------------------+-------+-------+-------+-------+-------++-------
Melee: War axe           |    72 |   147 |   272 |   778 |       ||  1269
       Bite              |    12 |    47 |    92 |   343 |    25 ||   519
       Hand axe          |       |       |       |   112 |    69 ||   181
Throw: Throwing net      |       |       |       |     2 |       ||     2
Invok: Lesser Servant of |       |       |       |     1 |     1 ||     2
       Greater Servant o |       |       |       |       |     1 ||     1
  Use: Scroll            |       |       |       |    10 |       ||    10
Armor: Scale mail        |    24 |    67 |   116 |       |       ||   207
       Plate armour      |       |       |    16 |     5 |       ||    21
       Chain mail        |       |       |       |   485 |    15 ||   500
Dodge: Dodged            |    23 |    44 |    96 |   246 |    12 ||   421
Block: Kite shield       |    33 |    92 |   191 |   618 |    19 ||   953
